 Dungeon Crawl Stone Soup version 0.20-a0-1122-gb7cbeb9 (webtiles) character file.

387 MatthieuS the Changer (level 6, -5/43 HPs)
             Began as a Merfolk Transmuter on May 10, 2017.
             Slain by MatthieuS's ghost (10 damage)
             ... on level 3 of the Dungeon.
             The game lasted 00:13:55 (3458 turns).

MatthieuS the Changer (Merfolk Transmuter)          Turns: 3458, Time: 00:13:56

Health: -5/43      AC:  3    Str: 12    XL:     6   Next: 78%
Magic:  6/10       EV: 18    Int: 12    God:
Gold:   110        SH:  0    Dex: 20    Spells: 0/10 levels left

rFire    . . .     SeeInvis .   g - +1 spear (venom)
rCold    . . .     Gourm    +   (no shield)
rNeg     . . .     Faith    .   b - +0 robe
rPois    .         Spirit   .   (no helmet)
rElec    .         Reflect  .   s - +0 cloak
rCorr    .         Harm     .   (no gloves)
MR       .....                  (no boots)
Stlth    +++.......             u - amulet of the gourmand
Regen    0.2/turn               (no ring)
MPRegen  0.2/turn               (no ring)

@: agile, hasted, very quick
A: change form in water, swift swim, stealthy swim
a: no special abilities


You were on level 3 of the Dungeon.
You were not hungry.

You visited 1 branch of the dungeon, and saw 3 of its levels.

You collected 110 gold pieces.

Inventory:

Hand Weapons
 g - a +1 spear of venom (weapon)
 m - a +0 halberd
 o - a +0 trident
Missiles
 a - 14 arrows
Armour
 b - a +0 robe (worn)
 r - +0 fire dragon scales
 s - a +0 cloak (worn)
Jewellery
 u - an amulet of the gourmand (around neck)
Scrolls
 e - 2 scrolls of identify {unknown}
 f - a scroll of enchant weapon {unknown}
 i - a scroll of teleportation {unknown}
 t - a scroll of recharging {unknown}
 v - a scroll of immolation {unknown}
Potions
 p - a potion of flight {unknown}
 q - a potion of might {unknown}
Books
 c - a book of Changes

   Spells                             Type                      Level
   a - Beastly Appendage              Transmutation                1
   b - Sticks to Snakes               Transmutation                2
   c - Spider Form                    Transmutation/Poison         3
   d - Ice Form                       Ice/Transmutation            4
   e - Blade Hands                    Transmutation                5
Comestibles
 d - a bread ration
 h - a fruit
 k - 3 meat rations
 w - a royal jelly


   Skills:
 + Level 1.2 Fighting
 - Level 5.3 Polearms
 - Level 2.6 Dodging
 + Level 3.2 Unarmed Combat
 - Level 2.8 Spellcasting
 + Level 7.0 Transmutations


You couldn't memorise any spells.
You knew the following spells:

 Your Spells              Type           Power        Failure   Level  Hunger
a - Beastly Appendage     Tmut           ###...       1%          1    #......
b - Sticks to Snakes      Tmut           ###.....     1%          2    ###....
c - Spider Form           Tmut/Pois      ##........   19%         3    ###....
d - Ice Form              Ice/Tmut       ##......     52%         4    #####..


Dungeon Overview and Level Annotations

Branches:
Dungeon (3/15)

Altars:

Annotations:
D:3 MatthieuS's ghost, amateur DrTm


Message History

MatthieuS's ghost is heavily damaged.
Your ball python barely misses MatthieuS's ghost.
Your ball python misses MatthieuS's ghost.
MatthieuS's ghost closely misses you.
You closely miss MatthieuS's ghost.
MatthieuS's ghost is heavily damaged.
You hit MatthieuS's ghost but do no damage.
MatthieuS's ghost is heavily damaged.
Your ball python bites MatthieuS's ghost but does no damage.
MatthieuS's ghost hits you.
* * * LOW HITPOINT WARNING * * *
You hit MatthieuS's ghost.
MatthieuS's ghost is heavily damaged.
Your ball python bites MatthieuS's ghost but does no damage.
MatthieuS's ghost hits you.
* * * LOW HITPOINT WARNING * * *
Your ball python misses MatthieuS's ghost.
It was a potion of haste.
You feel yourself speed up. MatthieuS's ghost hits you!
You die...

##### .## # ... ..
#. #.. .# ##.##.# #
.. ## ##
#...#.##.##.# .. .#
#...........##.# .#
#.# ... .#
########.#####.# .#
#..).).....SW@.#
.###.#####.########
...<....##.#
.###W##.##.# .#
#.##.##.# ##
#.......# ####.####
# #.......# #
#.##..#.#


You could see MatthieuS's ghost and a friendly ball python.

Vanquished Creatures
  Sigmund (D:2)
  Crazy Yiuf (D:2)
  An orc wizard (D:3)
  An orc priest (D:3)
  2 gnolls (D:2)
  4 adders (D:2)
  4 worms
  2 dart slugs (D:1)
  A leopard gecko (D:1)
  6 orcs (D:3)
  A ball python (D:1)
  5 bats
  A giant cockroach (D:1)
  10 goblins
  6 hobgoblins
  2 jackals (D:1)
  2 quokkas (D:2)
  2 frilled lizards
  10 kobolds
  6 rats
68 creatures vanquished.

Vanquished Creatures (collateral kills)
  A gnoll (D:2)
  An adder (D:2)
  An orc (D:3)
3 creatures vanquished.

Grand Total: 71 creatures vanquished

Notes
Turn   | Place    | Note
-------+----------+-------------------------------------------
     0 | D:1      | MatthieuS the Merfolk Transmuter began the quest for the Orb.
     0 | D:1      | Reached XP level 1. HP: 15/15 MP: 3/3
   266 | D:1      | Reached skill level 3 in Transmutations
   374 | D:1      | Reached XP level 2. HP: 7/21 MP: 1/5
   875 | D:1      | Reached XP level 3. HP: 26/26 MP: 6/6
   893 | D:1      | Reached skill level 4 in Transmutations
  1256 | D:2      | Learned a level 2 spell: Sticks to Snakes
  1276 | D:2      | Reached XP level 4. HP: 31/32 MP: 4/8
  1309 | D:2      | Reached skill level 5 in Transmutations
  1322 | D:2      | Learned a level 3 spell: Spider Form
  1353 | D:2      | Found a runed door.
  1563 | D:2      | Noticed Sigmund
  1570 | D:2      | Reached skill level 1 in Polearms
  1581 | D:2      | Killed Sigmund
  1581 | D:2      | Reached skill level 6 in Transmutations
  1581 | D:2      | Reached XP level 5. HP: 31/37 MP: 5/9
  1581 | D:2      | Reached XP level 6. HP: 36/43 MP: 5/10
  2286 | D:2      | Learned a level 4 spell: Ice Form
  2315 | D:2      | Noticed Crazy Yiuf
  2348 | D:2      | Killed Crazy Yiuf
  2646 | D:3      | Noticed MatthieuS's ghost (amateur DrTm)
  2951 | D:3      | Reached skill level 5 in Polearms
  2965 | D:3      | Reached skill level 7 in Transmutations
  3458 | D:3      | Slain by MatthieuS's ghost

Vault maps used:
D:1:      mrwooster_arrival_statue_3, grunt_decor_fettered, minmay_tripent
D:2:      uniq_sigmund, uniq_crazy_yiuf_cottage
D:3:      lemuel_doored_altar, cheibrodos_sewer_entry_bend

Skill      XL: |  1  2  3  4  5  6 |
---------------+-------------------+-----
Transmutations | 3 4 6 7 |  7.0
Polearms       | 4 5 |  5.3
Fighting       | |  1.2
Dodging        | |  2.6
Unarmed Combat | |  3.2
Spellcasting   | |  2.8

Action                   |  1- 3 |  4- 6 || total
-------------------------+-------+-------++-------
Melee: Unarmed           |    55 |       ||    55
       Headbutt          |     4 |     5 ||     9
       Punch             |     3 |     3 ||     6
       Spear             |    30 |   130 ||   160
 Cast: Beastly Appendage |     4 |     4 ||     8
       Sticks to Snakes  |     2 |    10 ||    12
  Use: Potion            |       |     4 ||     4
 Stab: Distracted        |     1 |       ||     1
       Sleeping          |       |     2 ||     2
  Eat: Chunk             |     1 |     8 ||     9
Armor: Robe              |     8 |    15 ||    23
       Fire dragon scale |       |     1 ||     1
Dodge: Dodged            |    44 |    56 ||   100
